 Dungeon Crawl Stone Soup version 0.22.0-76-g6cd1571672 (webtiles) character file.

325 Grim the Firebug (level 6, -2/41 HPs)
             Began as a Demonspawn Fire Elementalist on Sept 16, 2018.
             Slain by a gnoll
             ... wielding a +0 short sword
              (10 damage)
             ... on level 4 of the Dungeon.
             The game lasted 00:12:09 (4744 turns).

Grim the Firebug (Demonspawn Fire Elementalist)     Turns: 4744, Time: 00:12:10

Health: -2/41      AC: 10    Str:  9    XL:     6   Next: 24%
Magic:  4/9        EV: 12    Int: 17    God:
Gold:   175        SH:  0    Dex: 14    Spells: 3/9 levels left

rFire    . . .     SeeInvis +   p - +0 hand axe
rCold    . . .     Gourm    .   (no shield)
rNeg     . . .     Faith    .   a - +0 robe
rPois    .         Spirit   .   m - +1 helmet {SInv}
rElec    .         Reflect  .   (no cloak)
rCorr    .         Harm     .   (no gloves)
MR       .....                  (no boots)
Stlth    ++........             (no amulet)
HPRegen  0.13/turn              o - +3 ring of protection
MPRegen  0.11/turn              r - +3 ring of protection

@: no status effects
A: sturdy frame 1
a: no special abilities


You were on level 4 of the Dungeon.
You were not hungry.

You visited 1 branch of the dungeon, and saw 4 of its levels.

You collected 175 gold pieces.

Inventory:

Hand Weapons
 p - a +0 hand axe (weapon)
Armour
 a - a +0 robe (worn)
 i - a +0 helmet
 m - a +1 helmet of see invisible (worn)
Jewellery
 o - a +3 ring of protection (left hand)
 r - a +3 ring of protection (right hand)
 s - a +6 ring of intelligence {unknown}
Scrolls
 b - 4 scrolls of teleportation {unknown}
 d - 3 scrolls of enchant armour {unknown}
 f - a scroll of fog {unknown}
 g - 4 scrolls of identify {unknown}
 j - a scroll of enchant weapon {unknown}
 k - 2 scrolls of remove curse {unknown}
 n - 2 scrolls of blinking {unknown}
Potions
 e - 3 potions of heal wounds {unknown}
 h - a potion of invisibility {unknown}
 l - 3 potions of curing {unknown}
 q - a potion of ambrosia {unknown}
 t - 2 potions of flight {unknown}
Comestibles
 c - 4 rations


   Skills:
 * Level 3.4 Axes
 - Level 1.7 Dodging
 - Level 1.7 Stealth
 - Level 2.0 Spellcasting
 - Level 3.4 Conjurations
 - Level 4.1 Fire Magic


You had 3 spell levels left.
You knew the following spells:

 Your Spells              Type           Power        Failure   Level  Hunger
a - Flame Tongue          Conj/Fire      ##...        4%          1    #......
b - Throw Flame           Conj/Fire      ##....       6%          2    ###....
c - Conjure Flame         Conj/Fire      ##......     12%         3    ###....

Your spell library contained the following spells:

 Spells                   Type           Power        Failure   Level  Hunger
 Magic Dart               Conj           ##..         4%          1    #......
 Inner Flame              Hex/Fire       #.......     24%         3    ###....
 Blink                    Tloc           N/A          28%         2    ###....
 Call Imp                 Summ           #.......     28%         2    ###....
 Slow                     Hex            #.......     28%         2    ###....
 Mephitic Cloud           Conj/Pois/Air  #.......     36%         3    ###....
 Sticky Flame             Conj/Fire      ##......     38%         4    #####..
 Fireball                 Conj/Fire      ##........   75%         5    ######.


Dungeon Overview and Level Annotations

Branches:
Dungeon (4/15)
 Temple: D:4-7

Altars:
Elyvilon
Fedhas

Shops:
D:4 [

Annotations:
D:4 1 runed door


Innate Abilities, Weirdness & Mutations

Your movements are slightly less encumbered by armour. (ER -2)


Message History

The gnoll is almost dead.
The gnoll hits you with a short sword.
The gnoll shaman calls upon its god to heal the gnoll.
The gnoll is healed somewhat.
The gnoll is no longer moving quickly.
The gnoll shaman calls upon its god to heal the gnoll.
The gnoll is healed somewhat.
The gnoll shaman calls upon its god to speed up the gnoll.
The gnoll seems to speed up.
The gnoll shaman is no longer unusually agile.
Found 6 gold pieces and a ration.
The gnoll hits you with a short sword! The gnoll barely misses you.
The gnoll closely misses you. The gnoll closely misses you.
The gnoll hits you with a short sword!
* * * LOW HITPOINT WARNING * * *
The gnoll hits you but does no damage. The gnoll hits you with a short sword!
You die...

##..###..# #..........####
##..##..# #............##
##..#.<# ##.............
##....# #.............
######....# ##......##.....
#...(.....## ##......##
#.... #####......###......#
##....
###.............####.....
#......@g......##.......
##.......#..........##..#
###........##......#####..#
#............##...## #..#
..................g## #..#
....................#####...
####..........>...#...##....
###............###......g
##..........###..g...##


You could see a gnoll shaman and a gnoll.

Vanquished Creatures
  Menkaure (D:4)
  A howler monkey (D:4)
  Terence (D:3)
  Robin (D:2)
  A gnoll (D:4)
  4 adders
  An ooze (D:1)
  A worm (D:2)
  3 dart slugs
  2 leopard geckos
  4 orcs
  2 ball pythons
  2 giant cockroaches
  12 goblins
  10 hobgoblins
  8 kobolds
  A quokka (D:3)
  6 bats
  4 frilled lizards
  A jackal skeleton (D:4)
  8 rats
74 creatures vanquished.

Notes
Turn   | Place    | Note
-------+----------+-------------------------------------------
     0 | D:1      | Grim the Demonspawn Fire Elementalist began the quest for
                  | the Orb.
     0 | D:1      | Reached XP level 1. HP: 13/13 MP: 3/3
   436 | D:1      | Reached skill level 3 in Fire Magic
   486 | D:1      | Gained mutation: Your movements are slightly less
                  | encumbered by armour. (ER -2) [demonic ancestry]
   486 | D:1      | Reached XP level 2. HP: 16/19 MP: 0/5
   948 | D:1      | Learned a level 2 spell: Throw Flame
  1546 | D:1      | Reached XP level 3. HP: 21/24 MP: 1/6
  2377 | D:2      | Noticed Robin
  2441 | D:2      | Killed Robin
  2458 | D:2      | Reached XP level 4. HP: 30/30 MP: 1/7
  3041 | D:2      | Found a blossoming altar of Fedhas.
  3372 | D:3      | Reached skill level 4 in Fire Magic
  3483 | D:3      | Noticed Terence
  3531 | D:3      | Killed Terence
  3531 | D:3      | Reached XP level 5. HP: 31/35 MP: 0/8
  4088 | D:3      | Reached skill level 1 in Axes
  4258 | D:4      | Learned a level 3 spell: Conjure Flame
  4395 | D:4      | Found a runed door.
  4456 | D:4      | Found a white marble altar of Elyvilon.
  4470 | D:4      | Noticed Menkaure
  4498 | D:4      | Killed Menkaure
  4498 | D:4      | Reached XP level 6. HP: 25/41 MP: 5/9
  4694 | D:4      | Found Meceawn's Antique Armour Emporium.
  4744 | D:4      | Slain by a gnoll

Skill      XL: |  1  2  3  4  5 |
---------------+----------------+-----
Fire Magic     | 3 4 |  4.1
Conjurations   | 2 3 |  3.4
Axes           | 3 |  3.4
Dodging        | |  1.7
Stealth        | |  1.7
Spellcasting   | |  2.0

Action                   |  1- 3 |  4- 6 || total
-------------------------+-------+-------++-------
Melee: Hand axe          |       |    12 ||    12
       Unarmed           |       |     6 ||     6
 Cast: Flame Tongue      |    49 |    41 ||    90
       Throw Flame       |    24 |    42 ||    66
 Stab: Sleeping          |       |     1 ||     1
  Eat: Chunk             |     7 |     8 ||    15
       Ration            |       |     1 ||     1
Armor: Robe              |     6 |    22 ||    28
Dodge: Dodged            |    25 |    33 ||    58
